 Dungeon Crawl Stone Soup version 0.19.5 (webtiles) character file.

7933 Dadi the Thaumaturge (level 11, 0/67 HPs)
             Began as a Gargoyle Earth Elementalist on Apr 16, 2017.
             Was an Elder of Vehumet.
             Slain by Harold
             ... wielding a +0 glaive of chopping
              (2 damage)
             ... on level 10 of the Dungeon.
             The game lasted 00:42:14 (10036 turns).

Dadi the Thaumaturge (Gargoyle Earth Elementalist) Turns: 10036, Time: 00:42:14

Health: 0/67       AC: 13    Str: 11    XL:     11   Next: 23%
Magic:  25/25      EV:  7    Int: 20    God:    Vehumet [****..]
Gold:   185        SH:  0    Dex: 10    Spells: 3 memorised, 21 levels left

rFire  . . .     SeeInvis .     s - +2 whip (elec)
rCold  + . .     Gourm    .     Q - +2 robe {Archmagi}
rNeg   + . .     Faith    .     (no shield)
rPois  ∞         Spirit   .     (no helmet)
rElec  +         Reflect  .     P - +0 cloak
rCorr  .         Harm     .     i - +0 pair of gloves
MR     .....                    (no boots)
Stlth  ++........               (no amulet)
                                (no ring)
                                a - ring of protection from cold

@: about to teleport, held
A: negative energy resistance 1, electricity resistance, unbreathing,
petrification resistance, rot immunity, AC +7
a: Renounce Religion


You were on level 10 of the Dungeon.
You worshipped Vehumet.
Vehumet was greatly pleased with you.
You were not hungry.

You visited 2 branches of the dungeon, and saw 11 of its levels.

You collected 675 gold pieces.
You spent 490 gold pieces at shops.

Inventory:

Hand Weapons
 h - a +0 dagger
 k - a +2 vampiric short sword
 s - a +2 whip of electrocution (weapon)
 w - a +0 dagger of draining
Missiles
 b - 106 stones (quivered)
Armour
 c - a +0 robe
 i - a +0 pair of gloves (worn)
 j - a cursed -1 shield
 P - a +0 cloak (worn)
 Q - a +2 robe of the Archmagi (worn)
 R - a +2 robe of resistance
Jewellery
 a - a ring of protection from cold (left hand)
 L - a +4 amulet of reflection {unknown}
 M - an uncursed ring of protection from fire {unknown}
Wands
 t - a wand of polymorph (13/24)
 S - a wand of acid (6/15)
 W - a wand of iceblast (5/15)
Scrolls
 n - 9 scrolls of identify
 o - 4 scrolls of teleportation
 v - 4 scrolls of remove curse
 x - 2 scrolls of magic mapping {unknown}
 y - 2 scrolls of fog {unknown}
 z - a scroll of enchant armour {unknown}
 A - 2 scrolls of amnesia {unknown}
 D - a scroll of vulnerability {unknown}
 E - 2 scrolls of blinking {unknown}
 F - a scroll of recharging {unknown}
 I - a scroll of holy word {unknown}
 K - a scroll of noise {unknown}
 O - a scroll of torment {unknown}
Potions
 f - 3 potions of lignification {unknown}
 g - 4 potions of curing
 m - 3 potions of degeneration {unknown}
 p - a potion of might
 q - a potion of flight {unknown}
 r - 3 potions of heal wounds {unknown}
 B - 2 potions of brilliance {unknown}
 J - a potion of ambrosia {unknown}
 N - a potion of agility {unknown}
 T - a potion of invisibility {unknown}
 U - 2 potions of mutation {unknown}
Books
 e - a book of Geomancy

   Spells                             Type                      Level
   a - Sandblast                      Earth                        1
   b - Passwall                       Transmutation/Earth          2
   c - Stone Arrow                    Conjuration/Earth            3
   d - Petrify                        Transmutation/Earth          4
   e - Lee's Rapid Deconstruction     Earth                        5
 C - a book of Misfortune

   Spells                             Type                      Level
   a - Confusing Touch                Hexes                        1
   b - Confuse                        Hexes                        3
   c - Gell's Gravitas                Hexes/Translocation          3
   d - Petrify                        Transmutation/Earth          4
   e - Metabolic Englaciation         Hexes/Ice                    5
   f - Yara's Violent Unravelling     Hexes/Transmutation          5
Comestibles
 d - 7 bread rations
 l - 2 meat rations
 u - 14 fruits
 G - 4 beef jerkies
 H - 6 slices of pizza


   Skills:
 - Level 7.2 Fighting
 - Level 6.0 Maces & Flails
 - Level 5.7 Dodging
 - Level 2.1 Stealth
 - Level 10.1 Spellcasting
 - Level 2.9 Conjurations
   Level 0.7 Transmutations
 * Level 7.7 Earth Magic
 + Level 2.0 Evocations


You had 21 spell levels left.
You knew the following spells:

 Your Spells              Type           Power        Failure   Level  Hunger
a - Sandblast             Erth           ######       1%          1    None
b - Stone Arrow           Conj/Erth      #####.       1%          3    None
c - Lee's Rapid Deconstr  Erth           ######....   2%          5    ####...


Dungeon Overview and Level Annotations

Branches:
Dungeon (10/15)            Temple (1/1) D:4             Orc (0/2) D:10
   Lair: D:8-11

Altars:
Ashenzari
Cheibriados
Dithmenos
Elyvilon
Fedhas
Gozag
Hepliaklqana
Kikubaaqudgha
Makhleb
Nemelex Xobeh
Okawaru
Qazlal
Ru
Sif Muna
Trog
Uskayaw
Vehumet
Xom
Yredelemnul
Zin
The Shining One

Shops:
D:5 [

Annotations:
D:10 Harold


Innate Abilities, Weirdness & Mutations

You are resistant to torment.
Your stone body is resilient. (AC +7)
You are immune to poison.
You resist negative energy. (rN+)
You are resistant to electric shocks. (rElec)
You can survive without breathing.
You are immune to petrification.
You are immune to rotting.


Message History

You struggle against the net.
Harold yells, "I don't have all day!"
The orc zombie barely misses you.
You shred the net and break free! Harold casts a spell at you.
The bolt of fire misses you. The orc zombie closely misses you.
As you read the scroll of teleportation, it crumbles to dust.
You feel strangely unstable.
Harold throws a throwing net.
The throwing net hits you.
You become entangled in the net!
The orc zombie hits you.
You struggle against the net.
The orc zombie hits you but does no damage.
You struggle against the net.
Harold hits you from afar with a glaive of chopping!
* * * LOW HITPOINT WARNING * * *
x2 You struggle against the net.
The orc zombie hits you but does no damage.
Harold hits you from afar with a glaive of chopping.
* * * LOW HITPOINT WARNING * * *
You die...

.###.# #.# #.... #Z#
#.# #)###
###.######.#### #<#
#.....##......### #.#
#.#.#.#####.....#######
# #...#......8......#..
#.###.#.@...........###
#...sZ#.............#..
######@.............÷##
##..8.....>.....8..#
.....................
#####.............###
#.............##.
#......8......#.
#####.....#####
..)...## ≈≈≈≈...#


You could see Harold, a scorpion and an orc zombie.

Vanquished Creatures
  Erica (D:8)
  The ghost of tschems the Chopper, a novice HuFi of Qazlal (D:7)
  Pikel (D:3)
  Maurice (D:8)
  The ghost of Dadi the Digger, a novice GrEE (D:4)
  A troll (D:10)
  Sigmund (D:5)
  A wyvern (D:8)
  A human (D:7)
  4 hogs (D:7)
  Eustachio (D:6)
  3 hungry ghosts
  Menkaure (D:4)
  2 vampire mosquitoes (D:8)
  An orc warrior (D:9)
  2 ice beasts
  2 phantoms
  A slave (D:4)
  A sky beast (D:7)
  6 ogres
  2 centaurs
  A big kobold (D:8)
  6 bullfrogs
  A wyvern zombie (D:9)
  3 wights (D:8)
  A howler monkey (D:3)
  4 crimson imps
  A bullfrog zombie (D:6)
  5 hounds
  6 orc priests
  A jelly (D:9)
  16 orc wizards
  A centaur skeleton (D:3)
  2 iguanas
  Natasha (twice) (D:4)
  8 worker ants
  7 ogre zombies (D:10)
  A hound skeleton (D:9)
  A mummy (D:4)
  A worker ant zombie (D:8)
  Robin (D:4)
  7 gnolls
  A howler monkey skeleton (D:9)
  5 adders
  3 shadow imps
  An ooze (D:3)
  An adder skeleton (D:8)
  A worm (D:5)
  8 leopard geckos
  41 orcs
  7 giant cockroaches
  13 goblins
  12 hobgoblins
  7 jackals
  3 quokkas
  4 bats
  4 frilled lizards
  A goblin skeleton (D:10)
  2 goblin zombies (D:10)
  A hobgoblin skeleton (D:10)
  2 hobgoblin zombies (D:10)
  14 kobolds
  An orc skeleton (D:10)
  16 orc zombies (D:10)
  9 rats
268 creatures vanquished.

Vanquished Creatures (others)
  A worker ant (D:4)
  A giant cockroach (D:4)
  A frilled lizard (D:4)
3 creatures vanquished.

Grand Total: 271 creatures vanquished

Notes
Turn   | Place    | Note
-------+----------+-------------------------------------------
     0 | D:1      | Dadi the Gargoyle Earth Elementalist began the quest for the Orb.
     0 | D:1      | Reached XP level 1. HP: 10/10 MP: 3/3
   219 | D:1      | Reached XP level 2. HP: 14/15 MP: 0/5
   636 | D:1      | Reached XP level 3. HP: 19/19 MP: 7/7
   676 | D:1      | Reached skill level 3 in Spellcasting
   984 | D:2      | Learned a level 3 spell: Stone Arrow
  1742 | D:3      | Reached XP level 4. HP: 22/24 MP: 2/9
  1996 | D:3      | Reached skill level 1 in Conjurations
  2216 | D:3      | Reached XP level 5. HP: 23/28 MP: 4/10
  2473 | D:3      | Reached skill level 4 in Spellcasting
  2473 | D:3      | Reached skill level 5 in Earth Magic
  2645 | D:4      | Noticed a phantom
  2645 | D:4      | Noticed Dadi's ghost (novice GrEE)
  2866 | D:4      | Reached XP level 6. HP: 25/32 MP: 6/12
  2882 | D:4      | Found a staircase to the Ecumenical Temple.
  2937 | D:4      | Noticed Natasha
  3230 | D:4      | Noticed Pikel
  3231 | D:4      | Noticed a slave
  3438 | D:3      | Reached skill level 5 in Spellcasting
  3556 | D:3      | Reached XP level 7. HP: 26/36 MP: 12/14
  3935 | D:3      | Killed Pikel
  3935 | D:3      | Reached skill level 6 in Spellcasting
  3935 | D:3      | Reached XP level 8. HP: 19/45 MP: 0/17
  4572 | D:4      | Killed Dadi's ghost
  4572 | D:4      | Reached skill level 1 in Maces & Flails
  4572 | D:4      | Reached skill level 7 in Spellcasting
  4695 | D:4      | Noticed Robin
  4791 | D:4      | Killed Robin
  4855 | D:4      | Killed Natasha
  4878 | Temple   | Entered the Ecumenical Temple
  4896 | Temple   | Became a worshipper of Vehumet
  5210 | D:4      | Learned a level 5 spell: Lee's Rapid Deconstruction
  5257 | D:4      | Noticed Menkaure
  5262 | D:4      | Killed Menkaure
  5262 | D:4      | Reached XP level 9. HP: 52/52 MP: 14/20
  5354 | D:4      | Noticed Natasha
  5360 | D:4      | Killed Natasha
  5370 | D:5      | Entered Level 5 of the Dungeon
  5594 | D:5      | Noticed Sigmund
  5627 | D:5      | Found Fietijah's Armour Emporium.
  5679 | D:5      | Killed Sigmund
  5773 | D:5      | Reached * piety under Vehumet
  5773 | D:5      | Offered knowledge of Shock by Vehumet.
  6146 | D:6      | Reached skill level 8 in Spellcasting
  6181 | D:6      | Found a burning altar of Makhleb.
  6181 | D:6      | Noticed a blizzard demon
  6184 | D:6      | Noticed a hellwing
  6357 | D:6      | Noticed Eustachio
  6381 | D:6      | Killed Eustachio
  6614 | D:7      | Reached skill level 5 in Fighting
  6708 | D:7      | Noticed tschems's ghost (novice HuFi)
  6749 | D:7      | Killed tschems's ghost
  6953 | D:7      | Found an opulent altar of Gozag.
  6958 | D:7      | Reached ** piety under Vehumet
  6958 | D:7      | Offered knowledge of Searing Ray by Vehumet.
  7064 | D:7      | Reached XP level 10. HP: 60/60 MP: 13/22
  7064 | D:7      | Reached skill level 9 in Spellcasting
  7119 | D:7      | Found a shadowy altar of Dithmenos.
  7120 | D:7      | Found a sparkling altar of Nemelex Xobeh.
  7153 | D:7      | Reached skill level 5 in Dodging
  7632 | D:7      | Reached skill level 5 in Maces & Flails
  8131 | D:8      | Offered knowledge of Throw Frost by Vehumet.
  8343 | D:8      | Noticed Maurice
  8378 | D:8      | Killed Maurice
  8484 | D:5      | Bought a +2 robe of the Archmagi for 490 gold pieces
  8562 | D:8      | Noticed Erica
  8570 | D:8      | Killed Erica
  8570 | D:8      | Reached skill level 10 in Spellcasting
  9075 | D:9      | Reached XP level 11. HP: 63/67 MP: 25/25
  9189 | D:9      | Reached *** piety under Vehumet
  9205 | D:9      | Reached skill level 1 in Evocations
  9438 | D:9      | Found a blossoming altar of Fedhas.
  9498 | D:10     | Entered Level 10 of the Dungeon
  9578 | D:10     | Offered knowledge of Ignite Poison by Vehumet.
  9598 | D:10     | Found a staircase to the Orcish Mines.
  9946 | D:10     | Reached **** piety under Vehumet
  9970 | D:10     | Offered knowledge of Throw Icicle by Vehumet.
 10003 | D:10     | Noticed Harold
 10036 | D:10     | HP: 2/67 [Harold/glaive of chopping (5)]
 10036 | D:10     | Slain by Harold

Skill      XL: |  1  2  3  4  5  6  7  8  9 10 11 |
---------------+----------------------------------+-----
Spellcasting   | 3 4 5 6 7 8 10 | 10.1
Earth Magic    | 4 5 6 7 |  7.7
Conjurations   | 1 2 |  2.9
Fighting       | 2 4 5 7 |  7.2
Dodging        | 2 3 4 5 |  5.7
Maces & Flails | 2 4 6 |  6.0
Evocations     | 2 |  2.0
Stealth        | |  2.1
Transmutations | |  0.7

Action                   |  1- 3 |  4- 6 |  7- 9 | 10-12 || total
-------------------------+-------+-------+-------+-------++-------
Melee: Unarmed           |    18 |       |       |       ||    18
       Dagger            |    61 |    41 |       |       ||   102
       Whip              |       |       |   202 |   226 ||   428
 Cast: Sandblast         |    67 |    91 |   124 |    61 ||   343
       Stone Arrow       |       |       |     9 |    41 ||    50
       Lee's Rapid Decon |       |       |     4 |     3 ||     7
  Use: Scroll            |       |     4 |       |     2 ||     6
 Stab: Sleeping          |       |       |     1 |       ||     1
  Eat: Chunk             |     3 |     6 |    12 |    10 ||    31
       Pizza             |       |       |       |     2 ||     2
Armor: Robe              |    82 |    42 |   101 |    65 ||   290
Dodge: Dodged            |   137 |    63 |   160 |   139 ||   499
